 Dungeon Crawl Stone Soup version 0.29.1-2-gbd0b4ee654 (webtiles) character file.

Game seed: 16772482451515515692

779 GorkyZ the Shield-Bearer (level 8, 0/61 HPs)
             Began as a Formicid Fighter on Nov 20, 2022.
             Succumbed to a scorpion's poison
             ... on level 5 of the Dungeon.
             The game lasted 00:08:58 (4661 turns).

GorkyZ the Shield-Bearer (Formicid Fighter)         Turns: 4661, Time: 00:08:59

Health: 0/61       AC:  9    Str: 23    XL:     8   Next: 10%
Magic:  8/8        EV:  7    Int:  8    God:
Gold:   210        SH:  5    Dex: 13    Spells: 7/7 levels left

rFire   . . .      SeeInvis +   v - +2 spear (vamp)
rCold   . . .      Faith    .   c - +0 buckler
rNeg    . . .      Spirit   .   n - +0 chain mail
rPois   .          Reflect  .   (helmet unavailable)
rElec   .          Harm     .   (no cloak)
rCorr   .          Rampage  .   (no gloves)
Will    .....                   (no boots)
Stlth   ..........              (no amulet)
HPRegen 0.20/turn               (no ring)
MPRegen 0.11/turn               (no ring)

@: lethally poisoned (0 -> -13)
A: permanent stasis, dig shafts and tunnels, antennae 3, four strong arms
a: Dig, Shaft Self


You were on level 5 of the Dungeon.
You visited 1 branch of the dungeon, and saw 5 of its levels.

You collected 210 gold pieces.

Inventory:

Hand Weapons
 a - a +0 quarterstaff
 j - a +0 scythe
 m - a +0 hand axe
 v - a +2 vampiric spear (weapon)
Missiles
 r - 11 poisoned darts
Armour
 b - a +0 scale mail
 c - a +0 buckler (worn)
 n - a +0 chain mail (worn)
Jewellery
 f - a ring of fire
Wands
 u - a wand of paralysis (8)
Scrolls
 e - 4 scrolls of identify {unknown}
 g - a scroll of fear {unknown}
 l - a scroll of vulnerability {unknown}
 o - a scroll of teleportation {unknown}
 s - 2 scrolls of noise {unknown}
Potions
 d - 3 potions of might
 h - a potion of flight {unknown}
 i - a potion of ambrosia {unknown}
 k - a potion of cancellation {unknown}
 p - a potion of invisibility {unknown}
 q - a potion of berserk rage {unknown}
 t - 4 potions of heal wounds {unknown}


   Skills:
 + Level 4.8 Fighting
 * Level 2.9(3.6) Polearms
 - Level 3.0(3.6) Staves
 + Level 3.0 Throwing
 + Level 4.9 Armour
 + Level 5.8 Shields
 + Level 3.3 Evocations


You had 7 spell levels left.
You didn't know any spells.
Your spell library contained the following spells:

 Spells                   Type           Power      Damage    Failure   Level
 Necrotise                Necr           0%         1d4       98%         1
 Vampiric Draining        Necr           0%         2d6       100%        3
 Agony                    Necr           0%         N/A       100%        5


Dungeon Overview and Level Annotations

Branches:
Dungeon (5/15)
 Temple: D:4-7

Altars:
Sif Muna


Innate Abilities, Weirdness & Mutations

You cannot be hasted, slowed, berserked, paralysed or teleported.
You can dig through walls and to a lower floor.
You have a pair of large antennae on your head. (SInv)
Your four strong arms can wield two-handed weapons with a shield.


Message History

You closely miss the scorpion.
The scorpion is heavily wounded.
The scorpion barely misses you.
You hit the scorpion.
You feel better.
The scorpion is almost dead.
The scorpion stings you but does no damage.
You hit the scorpion but do no damage.
The scorpion is almost dead.
The scorpion stings you.
You are poisoned.
The scorpion poisons you! The scorpion stings you.
You are more poisoned.
The scorpion poisons you!
You closely miss the scorpion.
The scorpion is almost dead.
You feel very sick. The scorpion closely misses you.
You barely miss the scorpion.
The scorpion is almost dead.
You feel very sick. The scorpion stings you.
* * * LOW HITPOINT WARNING * * *
You are lethally poisoned!
The scorpion poisons you!
You hit the scorpion.
You feel better.
You kill the scorpion!
* * * LOW HITPOINT WARNING * * *
You feel very sick.
Your Throwing skill increases to level 3!
You puncture the orc!
You kill the orc!
* * * LOW HITPOINT WARNING * * *
You feel very sick.
You hit the iguana but do no damage.
* * * LOW HITPOINT WARNING * * *
You feel very sick. You block the iguana's attack.
You hit the iguana.
The iguana is lightly wounded.
You die...

#...# ##.## #.#
#.# #.# #.# #.#
#.# #@# #l##
#oo# ##o.# .
#oo.####....
#...<......#
#.).........
#.>......{.....
#.##......o....


You could see an iguana, an orc wizard (invisible) and 4 orcs.

Vanquished Creatures
  Sigmund (D:3)
  Menkaure (D:4)
  A black bear (D:5)
  An ogre (D:5)
  A scorpion (D:5)
  A howler monkey (D:5)
  A hound (D:4)
  2 iguanas (D:4)
  An orc wizard (D:4)
  5 adders
  2 worms (D:2)
  A dart slug (D:2)
  4 orcs
  7 ball pythons
  3 bats
  6 endoplasms
  3 giant cockroaches
  2 goblins (D:2)
  2 hobgoblins
  6 jackals
  3 quokkas
  A frilled lizard (D:2)
  4 kobolds
  A rat (D:1)
60 creatures vanquished.

Notes
Turn   | Place    | Note
-------+----------+-------------------------------------------
     0 | D:1      | GorkyZ the Formicid Fighter began the quest for the Orb.
     0 | D:1      | Reached XP level 1. HP: 18/18 MP: 1/1
     6 | D:1      | Noticed a ragged hierophant
     6 | D:1      | Noticed a komodo dragon
     7 | D:1      | Noticed a centaur
   168 | D:1      | Reached XP level 2. HP: 21/24 MP: 2/2
   931 | D:2      | Reached XP level 3. HP: 25/29 MP: 3/3
  1018 | D:2      | Reached skill level 1 in Evocations
  1282 | D:2      | Reached skill level 1 in Throwing
  1282 | D:2      | Reached XP level 4. HP: 36/36 MP: 4/4
  1289 | D:2      | Found a faded altar of an unknown god.
  2118 | D:3      | Noticed Sigmund
  2133 | D:3      | Killed Sigmund
  2134 | D:3      | Reached skill level 5 in Shields
  2134 | D:3      | Reached XP level 5. HP: 18/42 MP: 5/5
  2134 | D:3      | Reached XP level 6. HP: 21/48 MP: 6/6
  2921 | D:3      | Found a shimmering blue altar of Sif Muna.
  3507 | D:4      | Noticed Menkaure
  3522 | D:4      | Killed Menkaure
  3523 | D:4      | Reached skill level 1 in Polearms
  3523 | D:4      | Reached XP level 7. HP: 11/55 MP: 7/7
  4571 | D:5      | Entered Level 5 of the Dungeon
  4634 | D:5      | Reached XP level 8. HP: 53/61 MP: 8/8
  4660 | D:5      | HP: 3/61 [poisoned by a scorpion]
  4661 | D:5      | Succumbed to a scorpion's poison

Illustrated notes

Levels and vault maps discovered:
D:1:      onia_arrival_zoo_common, layout_basic, minmay_misc_feat_hallway
D:2:      layout_basic, shapermc_ecumenical_altar_starsandcircs, hex_medium
D:3:      layout_basic, nicolae_sif_muna_little_library, uniq_sigmund
D:4:      layout_loops_corners, nrook_loot_triangle, roderic_roman_lattice,
          uniq_menkaure
D:5:      layout_loops_ring, minmay_temple_entry_sparse_star,
          minmay_misc_feat_pillars, uniq_crazy_yiuf_cottage

Skill      XL: |  1  2  3  4  5  6  7  8 |
---------------+-------------------------+-----
Evocations     | 1 2 3 |  3.3
Throwing       | 1 2 3 |  3.0
Fighting       | 4 |  4.8
Staves         | 3 |  3.0
Armour         | 4 |  4.9
Shields        | 5 |  5.8
Polearms       | 1 2 |  2.9

Action                   |  1- 3 |  4- 6 |  7- 9 || total
-------------------------+-------+-------+-------++-------
Melee: Quarterstaff      |    71 |    51 |       ||   122
       Halberd           |       |    21 |       ||    21
       Spear             |       |    17 |   104 ||   121
Throw: Dart              |       |     3 |       ||     3
 Abil: Dig               |       |     1 |     1 ||     2
Armor: Scale mail        |    28 |       |       ||    28
       Chain mail        |     6 |    38 |    42 ||    86
Dodge: Dodged            |    30 |    22 |    36 ||    88
Block: Buckler           |    16 |    22 |    34 ||    72
